 Dungeon Crawl Stone Soup version 0.31-a0-75-g6fe912e8c5 (webtiles) character file.

Game seed: 12281519473455482910

415 dohliylev the Ruffian (level 6, -2/59 HPs)
             Began as a Troll Warper on Apr 21, 2023.
             Slain by an iguana (9 damage)
             ... on level 5 of the Dungeon on May 23, 2023.
             The game lasted 00:05:53 (3010 turns).

dohliylev the Ruffian (Troll Warper)                Turns: 3010, Time: 00:05:54

Health: -2/59      AC:  4    Str: 22    XL:     6   Next: 60%
Magic:  3/7        EV: 10    Int:  9    God:
Gold:   163        SH:  0    Dex:  9    Spells: 6/8 levels left

rFire   . .          .
                       - Unarmed
rCold   . . .        (no shield)
rNeg    . . .        a - +0 robe
rPois   .            (helmet restricted)
rElec   .            (no cloak)
rCorr   .            (gloves unavailable)
SInv    .            (boots unavailable)
Will    .....        (no amulet)
Stlth   +            (no ring)
HPRegen 1.09/turn    (no ring)
MPRegen 0.10/turn

%: no passive effects
@: very slightly contaminated
A: large, unfitting armour, claws 3, regeneration 1, shaggy fur 1, tough skin 1
a: no special abilities


You were on level 5 of the Dungeon.
You visited 1 branch of the dungeon, and saw 5 of its levels.

You collected 163 gold pieces.

Inventory:

Missiles
 c - 7 boomerangs of dispersal (quivered)
 g - 9 poisoned darts
 u - 3 boomerangs
Armour
 a - a +0 robe (worn)
Jewellery
 e - a ring of ice
Wands
 t - a wand of flame (22)
Scrolls
 b - a scroll of blinking
 i - 2 scrolls of silence {unknown}
 j - 3 scrolls of identify {unknown}
 k - 2 scrolls of enchant weapon {unknown}
 l - 2 scrolls of immolation {unknown}
 o - 2 scrolls of teleportation {unknown}
 p - a scroll of enchant armour {unknown}
 w - 2 scrolls of fog {unknown}
 x - a scroll of noise {unknown}
Potions
 d - a potion of degeneration {unknown}
 f - a potion of might {unknown}
 h - 4 potions of haste {unknown}
 m - 3 potions of curing {unknown}
 n - 2 potions of attraction {unknown}
 q - 3 potions of mutation {unknown}
 r - a potion of ambrosia {unknown}
 s - 2 potions of berserk rage {unknown}
 v - a potion of brilliance {unknown}


   Skills:
 + Level 2.6 Fighting
 + Level 0.8 Throwing
 + Level 2.9 Dodging
 + Level 4.9 Unarmed Combat
 + Level 1.9 Spellcasting
 + Level 3.0 Translocations


You had 6 spell levels left.
You knew the following spells:

 Your Spells              Type           Power      Damage    Failure   Level
a - Blink                 Tloc           12%        N/A       16%         2

Your spell library contained the following spells:

 Spells                   Type           Power      Damage    Failure   Level
 Lesser Beckoning         Tloc           12%        N/A       16%         2
 Teleport Other           Tloc           6%         N/A       30%         3
 Vhi's Electric Charge    Tloc/Air       6%         N/A       52%         3
 Manifold Assault         Tloc           6%         N/A       69%         4


Dungeon Overview and Level Annotations

Branches:
Dungeon (5/15)
 Temple: D:4-7

Altars:
Xom
Zin


Innate Abilities, Weirdness & Mutations

You are too large for most types of armour.
You have claws for hands.
Your natural rate of healing is unusually fast.
You are covered in fur. (AC +1)
You have tough skin. (AC +1)


Message History

A gnoll comes into view. It is wielding a +0 spear.
The orc wizard closely misses you. The ufetubus barely misses you.
The ufetubus hits you.
You hear a shout!
Casting: Blink (safe; 16% risk of failure)
Confirm with . or Enter, or press ? or * to list all spells.
You blink. 2 gnolls come into view.
Found a ring mail.
You feel sick. The gnoll hits you with a +0 spear.
The gnoll barely misses you. x2
The orc wizard hits you with a +0 dagger.
You feel sick.
You are no longer poisoned.
The gnoll hits you with a +0 spear!
The gnoll hits you from afar with a +0 halberd!
* * * LOW HITPOINT WARNING * * *
The orc wizard gestures wildly while chanting.
The orc wizard flickers and vanishes!
Deactivating autopickup; reactivate with Ctrl-A.
The gnoll hits you from afar with a +0 spear.
* * * LOW HITPOINT WARNING * * *
The hound attacks as you move away! The hound bites you but does no damage.
An iguana comes into view.
The hound attacks as you move away! The hound closely misses you.
The hound bites you.
* * * LOW HITPOINT WARNING * * *
You feel stable enough to blink again.
Casting: Blink (safe; 16% risk of failure)
Confirm with . or Enter, or press ? or * to list all spells.
You miscast Blink.
You are very lightly contaminated with residual magic.
Nothing appears to happen.
The hound bites you.
* * * LOW HITPOINT WARNING * * *
The gnoll hits you from afar with a +0 spear.
* * * LOW HITPOINT WARNING * * *
The orc wizard mumbles some strange words.
The orc wizard flickers and vanishes!
The hound bites you.
* * * LOW HITPOINT WARNING * * *
The iguana bites you!
You die...

####.#.......##
#.#..5.....##
#.#...{g.g#.####
#.#....{o.......
#.##.###g#######
#........g#
########g##
#h..# #@..#
#.l.# #...#
#...# .....
...... ........
##...####


You could see an iguana, a hound and 2 gnolls.

Vanquished Creatures
  A blink frog (D:4)
  An orc priest (D:4)
  Jessica (D:2)
  An orc wizard (D:4)
  3 gnolls (D:4)
  5 adders
  An ufetubus (D:4)
  A worm (D:2)
  2 dart slugs (D:1)
  9 orcs
  4 endoplasms
  3 giant cockroaches
  4 goblins
  9 hobgoblins
  2 jackals (D:1)
  5 quokkas
  9 ball pythons
  3 bats
  5 frilled lizards
  5 kobolds (D:1)
  4 rats
78 creatures vanquished.

Notes
Turn   | Place    | Note
-------+----------+-------------------------------------------
     0 | D:1      | dohliylev the Troll Warper began the quest for the Orb.
     0 | D:1      | Reached XP level 1. HP: 19/19 MP: 1/1
    54 | D:1      | Reached XP level 2. HP: 28/28 MP: 2/2
    67 | D:1      | Learned a level 2 spell: Blink
   281 | D:1      | Found a faded altar of an unknown god.
   442 | D:1      | Reached XP level 3. HP: 34/34 MP: 4/4
   892 | D:2      | Found a shimmering altar of Xom.
  1001 | D:2      | Noticed Jessica
  1007 | D:2      | Killed Jessica
  1047 | D:2      | Reached XP level 4. HP: 42/42 MP: 5/5
  1048 | D:2      | Reached skill level 3 in Unarmed Combat
  1980 | D:3      | Found a glowing silver altar of Zin.
  2263 | D:4      | Reached XP level 5. HP: 28/49 MP: 2/6
  2290 | D:4      | Upgraded the game from 0.30-a0-1114-gd936c97349 to
                  | 0.31-a0-75-g6fe912e8c5
  2577 | D:4      | Reached skill level 4 in Unarmed Combat
  2692 | D:4      | Noticed an ogre
  2694 | D:4      | an ogre changed into a blink frog
  2694 | D:4      | Noticed a blink frog
  2697 | D:4      | Killed a blink frog
  2698 | D:4      | Reached XP level 6. HP: 54/59 MP: 7/7
  2991 | D:5      | Entered Level 5 of the Dungeon
  3010 | D:5      | Slain by an iguana

Illustrated notes

Levels and vault maps discovered:
D:1:      ebering_hopf_link, layout_basic,
          chequers_ecumenical_altar_simple_redux, kennysheep_nondescript,
          nrook_campfire, columned_hall_lemuel, minmay_splitting_lines,
          minmay_misc_feat_enclosed, minmay_pentomino_s4
D:2:      layout_basic, basic_altar, uniq_jessica
D:3:      layout_loops_ring, zin_treasury, serial_park_tiny_2
D:4:      layout_loops_ring
D:5:      layout_loops_cross, mainiacjoe_overflow_alcove_2, nicolae_shop_gadgets

Skill      XL: |  1  2  3  4  5 |
---------------+----------------+-----
Dodging        | 2 |  2.9
Unarmed Combat | 3 4 |  4.9
Fighting       | 2 |  2.6
Translocations | 3 |  3.0
Throwing       | |  0.8
Spellcasting   | |  1.9

Action                     |  1- 3 |  4- 6 || total
---------------------------+-------+-------++-------
  Melee: Unarmed           |    92 |   128 ||   220
         Punch             |     1 |     2 ||     3
   Cast: Blink             |     4 |     7 ||    11
  Evoke: Wand              |       |     1 ||     1
   Stab: Sleeping          |       |     1 ||     1
 Armour: Robe              |    44 |    32 ||    76
  Dodge: Dodged            |    45 |    74 ||   119

Table legend: (Time is in decaauts)
 A = Elapsed time spent in this place.
 B = Non-inter-level travel time spent in this place.
 C = Inter-level travel time spent in this place.
 D = Time resting spent in this place.
 E = Time spent auto-exploring this place.
 F = Levels seen in this place.
 G = Mean time per level.
                   A        B        C        D        E       F      G
               +--------+--------+--------+--------+--------+-----+--------+
         Total |   2997 |   2931 |     66 |     71 |   2198 |   5 |  599.4 |
       Dungeon |   2997 |   2931 |     66 |     71 |   2198 |   5 |  599.4 |
               +--------+--------+--------+--------+--------+-----+--------+

Top non-repeatable levels by time:
     D:1: 774 daAuts
     D:4: 771 daAuts
     D:2: 767 daAuts
     D:3: 665 daAuts
     D:5: 18 daAuts
